 Dungeon Crawl Stone Soup version 0.24.0-123-gd5b16e6ec5 (webtiles) character file.

Game seed: 193196539142708802, levelgen mode: deterministic

48 Seryemb the Magician (level 3, -12/25 HPs)
             Began as a Gnoll Wizard on Jan 2, 2020.
             Engulfed by Ijyb's freezing vapour (13 damage)
             ... on level 3 of the Dungeon.
             The game lasted 00:06:41 (1118 turns).

Seryemb the Magician (Gnoll Wizard)                 Turns: 1118, Time: 00:06:42

Health: -12/25     AC:  2    Str:  9    XL:     3   Next: 72%
Magic:  1/11       EV: 14    Int: 21    God:
Gold:   109        SH:  0    Dex: 13    Spells: 5/16 levels left

rFire    . . .     SeeInvis .   a - +0 dagger
rCold    . . .     Gourm    .   (no shield)
rNeg     . . .     Faith    .   f - +0 robe
rPois    .         Spirit   .   i - +0 hat
rElec    .         Reflect  .   (no cloak)
rCorr    .         Harm     .   (no gloves)
MR       .....                  (no boots)
Stlth    +++.......             (no amulet)
HPRegen  0.08/turn              (no ring)
MPRegen  0.12/turn              (no ring)

@: very slightly contaminated
A: distributed training, fangs 1, strong nose
a: no special abilities


You were on level 3 of the Dungeon.
You were not hungry.

You visited 1 branch of the dungeon, and saw 3 of its levels.

You collected 109 gold pieces.

Inventory:

Hand Weapons
 a - a +0 dagger (weapon)
 b - a +0 hunting sling
 p - a +0 trident
Missiles
 k - 69 stones (quivered)
 q - 15 sling bullets
Armour
 f - a +0 robe (worn)
 i - a +0 hat (worn)
Jewellery
 j - an uncursed ring of ice {unknown}
 l - an uncursed amulet of regeneration {unknown}
 o - a +2 ring of protection {unknown}
Scrolls
 c - a scroll of remove curse {unknown}
 g - 3 scrolls of identify {unknown}
 h - 2 scrolls of immolation {unknown}
 r - a scroll of enchant armour {unknown}
Potions
 e - a potion of mutation {unknown}
 m - a potion of magic {unknown}
 n - 2 potions of degeneration {unknown}
Comestibles
 d - 3 rations


   Skills:
 + Level 0.9 Fighting
 + Level 0.9 Short Blades
 + Level 0.9 Long Blades
 + Level 0.9 Axes
 + Level 0.9 Maces & Flails
 + Level 0.9 Polearms
 + Level 0.9 Staves
 + Level 0.9 Slings
 + Level 0.9 Bows
 + Level 0.9 Crossbows
 + Level 0.9 Throwing
 + Level 0.9 Armour
 + Level 4.5 Dodging
 + Level 4.2 Stealth
 + Level 0.9 Shields
 + Level 0.9 Unarmed Combat
 + Level 7.1 Spellcasting
 + Level 2.1 Conjurations
 + Level 0.6 Hexes
 + Level 0.6 Charms
 + Level 2.1 Summonings
 + Level 0.6 Necromancy
 + Level 2.1 Translocations
 + Level 0.6 Transmutations
 + Level 0.6 Fire Magic
 + Level 0.6 Ice Magic
 + Level 0.6 Air Magic
 + Level 0.6 Earth Magic
 + Level 0.6 Poison Magic
 + Level 1.0 Invocations
 + Level 0.9 Evocations


You had 5 spell levels left.
You knew the following spells:

 Your Spells              Type           Power        Failure   Level  Hunger
a - Magic Dart            Conj           ###.         3%          1    None
b - Call Imp              Summ           ###.....     5%          2    None
c - Blink                 Tloc           N/A          5%          2    None
d - Conjure Flame         Conj/Fire      ##......     14%         3    None
e - Mephitic Cloud        Conj/Pois/Air  ##......     16%         3    None

Your spell library contained the following spells:

 Spells                   Type           Power        Failure   Level  Hunger
 Slow                     Hex            ##......     10%         2    None


Dungeon Overview and Level Annotations

Branches:
Dungeon (3/15)

Altars:

Annotations:
D:3 Ijyb


Innate Abilities, Weirdness & Mutations

Your experience applies equally to all skills.
You have very sharp teeth.
Your uncanny sense of smell can sniff out nearby items.


Message History

A beastly little devil appears in a puff of frigid air.
Ijyb zaps a wand.
Ijyb creates a blast of freezing vapour!
What are your orders? t - Bark!
Orders for allies: a - Attack new target. r - Retreat! s - Stop attacking. g - Guard the area. f - Follow me.
Anything else - Cancel.
Gang up on whom?
Press: ? - help, Dir - move target cursor, f - Ijyb
Aim: Ijyb, wearing a +0 leather armour and carrying a wand of clouds (5) Attack!
You are engulfed in freezing vapours.
Ouch! That really hurt!
* * * LOW HITPOINT WARNING * * *
Your white imp is engulfed in freezing vapours.
Ijyb zaps a wand.
Ijyb creates a blast of noxious fumes!
You are engulfed in freezing vapours.
Ouch! That really hurt!
You die...

#.# #......#.# # #.#
..(......# #. #.#
#...#....#..#
#####.##.####...........###
............†....#..#....(.
...####....####..........##
#....####...##....##
#...5##§..........#
#)..@§5§g..#..#...#
#..###§#....).....#
............#....#..#
.....#.####..........#
##.###.# #.#......#.# #. .#
#..........# # ##.........#
#.........# #.........#


You could see Ijyb, a friendly crimson imp and a friendly white imp.

Vanquished Creatures
  An adder (D:3)
  2 leopard geckos
  3 giant cockroaches
  8 goblins
  4 hobgoblins
  A quokka (D:2)
  A bat (D:2)
  2 frilled lizards (D:2)
  7 kobolds
  4 rats
33 creatures vanquished.

Notes
Turn   | Place    | Note
-------+----------+-------------------------------------------
     0 | D:1      | Seryemb the Gnoll Wizard began the quest for the Orb.
     0 | D:1      | Reached XP level 1. HP: 13/13 MP: 8/8
   195 | D:1      | Reached XP level 2. HP: 19/19 MP: 7/10
   199 | D:1      | Learned a level 2 spell: Call Imp
   202 | D:1      | Learned a level 2 spell: Blink
   642 | D:2      | Reached XP level 3. HP: 25/25 MP: 4/11
   821 | D:2      | Learned a level 3 spell: Conjure Flame
   825 | D:2      | Learned a level 3 spell: Mephitic Cloud
  1070 | D:3      | Reached skill level 1 in Invocations
  1096 | D:3      | Noticed Ijyb
  1117 | D:3      | HP: 1/25 [Ijyb] (24)]
  1118 | D:3      | Engulfed by Ijyb's freezing vapour

Levels and vault maps discovered:
D:1:      elethiomel_arrival_quiet, layout_basic, corner_web_ring,
          solitary_fountain
D:2:      layout_rooms
D:3:      layout_basic, first_ration, minmay_misc_feat_more_columns,
          kennysheep_path_1, chequers_serial_rivers_room_b, minmay_unequal,
          uniq_ijyb

Skill      XL: |  1  2  3 |
---------------+----------+-----
Conjurations   | 2 |  2.1
Summonings     | 2 |  2.1
Translocations | 2 |  2.1
Invocations    | 1 |  1.0
Fighting       | |  0.9
Short Blades   | |  0.9
Long Blades    | |  0.9
Axes           | |  0.9
Maces & Flails | |  0.9
Polearms       | |  0.9
Staves         | |  0.9
Slings         | |  0.9
Bows           | |  0.9
Crossbows      | |  0.9
Throwing       | |  0.9
Armour         | |  0.9
Dodging        | |  4.5
Stealth        | |  4.2
Shields        | |  0.9
Unarmed Combat | |  0.9
Spellcasting   | |  7.1
Hexes          | |  0.6
Charms         | |  0.6
Necromancy     | |  0.6
Transmutations | |  0.6
Fire Magic     | |  0.6
Ice Magic      | |  0.6
Air Magic      | |  0.6
Earth Magic    | |  0.6
Poison Magic   | |  0.6
Evocations     | |  0.9

Action                   || total
-------------------------++-------
 Cast: Magic Dart        ||    62
       Call Imp          ||     2
       Conjure Flame     ||     1
Dodge: Dodged            ||     5
